 Dungeon Sprint DCSS version 0.32-a0-928-g1cae6b7ea0 (webtiles) character file.

Game seed: 6257046155552021749

22190 Griffin23 the Minotaur Blade (level 12, -9/112 (133) HPs)
             Began as a Minotaur Berserker on Apr 12, 2024.
             Was the Champion of Trog.
             Succumbed to poison (dark miasma)
             ... in the Dungeon (Sprint III: "The Ten Rune Challenge").
             The game lasted 00:20:40 (6824 turns).

Griffin23 the Minotaur Blade (Minotaur Berserker)   Turns: 6824, Time: 00:20:55

HP:   -9/112 (133)  AC: 19    Str: 28    XL:     12   Next: 60%
MP:   11/11         EV:  8    Int:  4    God:    Trog [******]
Gold: 3286          SH:  0    Dex:  9    Spells: 11/11 levels left

rFire   . . .        y - +6 triple sword (heavy)
rCold   . . .        (shield currently unavailable)
rNeg    . . .        w - +0 plate armour
rPois   .            h - +1 hat {SInv}
rElec   .            (no cloak)
rCorr   .            (no gloves)
SInv    +            (no boots)
Will    ++...        (no amulet) Stlth
                     (no ring)
HPRegen 1.38/turn    (no ring)
MPRegen 0.12/turn

%: no teleportation
@: lethally poisoned (-9 -> -47), strong-willed, regenerating, slowed, heavily
drained, very slow
A: horns 2, retaliatory headbutt
a: Renounce Religion, Berserk, Trog's Hand, Brothers in Arms


You were in the Dungeon.
You worshipped Trog.
Trog was exalted by your worship.
You visited 1 branch You collected 3286 gold pieces.

Inventory:

Hand Weapons
 a - a +7 heavy great sword
 q - a +5 double sword of draining
 v - the +6 great sword of the Bear {flame, Dex+4}
   (Trog gifted it to you in the Dungeon)

   Dex+4:     It affects your dexterity (+4).
 x - a +4 heavy demon blade
 y - a +6 heavy triple sword (weapon)
Armour
 b - a +0 animal skin
 h - a +1 hat of see invisible (worn)
 t - a +0 chain mail
 w - a +0 plate armour (worn)
Wands
 r - a wand of polymorph (3)
Scrolls
 j - a scroll of poison
 k - a scroll of enchant weapon
Potions
 c - 5 potions of mutation
 e - a potion of haste
 f - 2 potions of magic
 g - a potion of berserk rage
 i - a potion of lignification {unknown}
 m - a potion of invisibility {unknown}
 n - a potion of might {unknown}
 p - a potion of enlightenment


   Skills:
 + Level 20.1 Fighting
 * Level 26.7 Long Blades
 + Level 19.6 Armour
 - Level 3.0 Dodging


You had 11 spell levels left.
You didn't know any spells.
Your spell library was empty.

Dungeon Overview and Level Annotations

Branches:
Dungeon (1/1)

Altars:
Cheibriados
Dithmenos
Elyvilon
Fedhas
Gozag
Hepliaklqana
Kikubaaqudgha
Makhleb
Nemelex Xobeh
Okawaru
Qazlal
Ru
Sif Muna
Trog
Uskayaw
Vehumet
Wu Jian
Xom
Yredelemnul
Zin
The Shining One
Beogh
Jiyva
Lugonu

Shops:
D (:!:


Innate Abilities, Weirdness & Mutations

You have a pair of horns on your head.
You reflexively headbutt those who attack you in melee.


Message History

You enter the shallow water.
Moving in this stuff is going to be slow.
You enter the shallow water.
Moving in this stuff is going to be slow.
You are engulfed in dark miasma.
You are poisoned.
You feel very sick. Why would you want to do that?
You are engulfed in dark miasma.
You are more poisoned.
You feel yourself slow down.
You feel extremely sick.
You enter the shallow water.
Moving in this stuff is going to be slow.
You are engulfed in dark miasma.
You are more poisoned.
You feel extremely sick.
You are engulfed in dark miasma.
You are more poisoned.
* * * LOW HITPOINT WARNING * * *
You feel extremely sick.
* * * LOW HITPOINT WARNING * * *
You feel extremely sick.
You feel better.
You start resting.
You feel yourself speed up.
You start resting.
You are engulfed in dark miasma.
You are poisoned.
* * * LOW HITPOINT WARNING * * *
x2 You feel very sick.
Okay, then.
Okay, then.
Okay, then.
Your skin crawls.
You feel strong-willed.
You are engulfed in dark miasma.
You are lethally poisoned!
You feel yourself slow down.
* * * LOW HITPOINT WARNING * * *
You die...

♣.♣♣ ♣÷♣♣
♣..♣ ♣♣)♣♣
#♣♣ ♣♣.♣ ..♣
♣♣.~♣♣♣♣♣♣.♣
♣.~~..○○○○~♣
♣...~.°○○..♣
♣.♣..~°°°.@♣
♣♣♣♣♣♣♣♣○°∩♣
♣♣♣♣♣


There were no monsters in sight!

Vanquished Creatures
  Rupert (D)
  Gastronok (D)
  A deep elf death mage (D)
  2 dire elephants (D)
  Josephine (D)
  A hydra (D)
  A centaur warrior (D)
  4 death yaks (D)
  An orc high priest (D)
  3 deep elf knights (D)
  2 death drakes (D)
  2 deep elf pyromancers (D)
  A deep elf zephyrmancer (D)
  An orc sorcerer (D)
  2 elephants (D)
  A manticore (D)
  2 cane toads (D)
  2 black mambas (D)
  Duvessa (D)
  A rime drake (D)
  A komodo dragon (D)
  An unseen horror (D)
  A queen bee (D)
  8 blink frogs (D)
  A shadow (D)
  A spatial vortex (D)
  3 wandering mushrooms (D)
  A swamp drake (D)
  An orc warrior (D)
  6 swamp dragon skeletons (D)
  2 centaurs (D)
  An earth elemental (D)
  A weeping skull (D)
  A scorpion (D)
  A water elemental (D)
  A burial acolyte (D)
  A wight (D)
  32 killer bees (D)
  A jelly (D)
  2 orc priests (D)
  Jessica (D)
  3 orc wizards (D)
  3 humans (D)
  A kobold demonologist (D)
  8 orcs (D)
  2 endoplasms (D)
  2 rats (D)
118 creatures vanquished.

Vanquished Creatures (others)
  An orc (D)
  A ballistomycete spore (D)
2 creatures vanquished.

Grand Total: 120 creatures vanquished

Notes
Turn   | Place    | Note
-------+----------+-------------------------------------------
     0 | D        | Griffin23 the Minotaur Berserker began the quest for the
                  | Orb.
     0 | D        | Reached XP level 1. HP: 19/19 MP: 0/0
    12 | D        | Reached skill level 4 in Long Blades
    25 | D        | Noticed Jessica
    29 | D        | Killed Jessica
    29 | D        | Reached ** piety under Trog
    30 | D        | Reached skill level 5 in Fighting
    30 | D        | Reached skill level 5 in Long Blades
    30 | D        | Reached XP level 2. HP: 26/30 MP: 1/1
    79 | D        | Reached XP level 3. HP: 37/37 MP: 2/2
    85 | D        | Noticed a scorpion
    98 | D        | Reached skill level 6 in Long Blades
   109 | D        | Killed a scorpion
   109 | D        | Reached *** piety under Trog
   110 | D        | Reached skill level 8 in Long Blades
   110 | D        | Reached skill level 5 in Armour
   110 | D        | Reached XP level 4. HP: 9/47 MP: 3/3
   266 | D        | Noticed a water elemental
   274 | D        | Killed a water elemental
   275 | D        | Reached skill level 9 in Long Blades
   275 | D        | Reached XP level 5. HP: 53/53 MP: 4/4
   322 | D        | Found a radiant altar of Vehumet.
   322 | D        | Found a shimmering blue altar of Sif Muna.
   322 | D        | Found an ancient bone altar of Kikubaaqudgha.
   326 | D        | Reached skill level 10 in Long Blades
   370 | D        | Found a glowing silver altar of Zin.
   370 | D        | Found a glowing golden altar of the Shining One.
   370 | D        | Found a white marble altar of Elyvilon.
   370 | D        | Noticed a deep elf pyromancer
   388 | D        | Killed a deep elf pyromancer
   388 | D        | Reached **** piety under Trog
   389 | D        | Reached skill level 10 in Fighting
   389 | D        | Reached skill level 13 in Long Blades
   389 | D        | Reached XP level 6. HP: 67/67 MP: 5/5
   389 | D        | Reached XP level 7. HP: 73/73 MP: 6/6
   438 | D        | Found a hide-covered altar of Uskayaw.
   438 | D        | Found a roughly hewn altar of Beogh.
   438 | D        | Found an iron altar of Okawaru.
   438 | D        | Found a bloodstained altar of Trog.
   438 | D        | Found an ornate altar of the Wu Jian Council.
   438 | D        | Noticed a human
   438 | D        | Noticed a human
   442 | D        | Killed a human
   443 | D        | Reached skill level 14 in Long Blades
   443 | D        | Reached skill level 10 in Armour
   453 | D        | Killed a human
   513 | D        | Found a basalt altar of Yredelemnul.
   513 | D        | Found a shadowy altar of Dithmenos.
   513 | D        | Found a sacrificial altar of Ru.
   516 | D        | Reached XP level 8. HP: 82/82 MP: 7/7
   519 | D        | Reached skill level 15 in Long Blades
   797 | D        | Found a blossoming altar of Fedhas.
   797 | D        | Found a stormy altar of Qazlal.
   797 | D        | Found a snail-covered altar of Cheibriados.
   797 | D        | Found a burning altar of Makhleb.
   797 | D        | Found a shimmering altar of Xom.
   798 | D        | Found a hazy altar of Hepliaklqana.
   798 | D        | Found an opulent altar of Gozag.
   798 | D        | Found a sparkling altar of Nemelex Xobeh.
   798 | D        | Found a corrupted altar of Lugonu.
   798 | D        | Found a viscous altar of Jiyva.
   917 | D        | Noticed Josephine
   928 | D        | Killed Josephine
   928 | D        | Reached ***** piety under Trog
   929 | D        | Reached skill level 17 in Long Blades
   929 | D        | Reached XP level 9. HP: 57/93 MP: 8/8
  1080 | D        | Noticed an orc high priest
  1106 | D        | Noticed a red devil
  1125 | D        | Killed an orc high priest
  1126 | D        | Reached skill level 18 in Long Blades
  1130 | D        | Received a gift from Trog
  1256 | D        | Noticed an orc sorcerer
  1264 | D        | Killed an orc sorcerer
  1264 | D        | Reached ****** piety under Trog
  1290 | D        | Received a gift from Trog
  1824 | D        | Found Raeplamp's Book Shop.
  1842 | D        | Noticed a deep elf knight
  1842 | D        | Noticed a deep elf knight
  1842 | D        | Noticed a deep elf knight
  1842 | D        | Noticed a deep elf zephyrmancer
  1842 | D        | Noticed a deep elf pyromancer
  1870 | D        | Identified the +0 quarterstaff of Mixteqeyj {flame, Str+2}
                  | (Trog gifted it to you in the Dungeon)
  1870 | D        | Received a gift from Trog
  2027 | D        | Killed a deep elf knight
  2028 | D        | Reached skill level 19 in Long Blades
  2205 | D        | Killed a deep elf pyromancer
  2206 | D        | Reached XP level 10. HP: 100/104 MP: 9/9
  2213 | D        | Killed a deep elf knight
  2214 | D        | Reached skill level 15 in Fighting
  2214 | D        | Reached skill level 20 in Long Blades
  2215 | D        | Killed a deep elf knight
  2215 | D        | Identified the +4 glaive of Chaos {heavy, rCorr Dex+4}
                  | (Trog gifted it to you in the Dungeon)
  2215 | D        | Received a gift from Trog
  2487 | D        | Noticed a centaur warrior
  2491 | D        | Killed a centaur warrior
  2492 | D        | Reached skill level 15 in Armour
  2655 | D        | Reached skill level 21 in Long Blades
  2756 | D        | Killed a deep elf zephyrmancer
  2782 | D        | Noticed a deep elf annihilator
  2784 | D        | Noticed a deep elf death mage
  2788 | D        | Noticed a deep elf zephyrmancer
  2790 | D        | Noticed a deep elf zephyrmancer
  3043 | D        | a deep elf zephyrmancer changed into a manticore
  3043 | D        | Noticed a manticore
  3044 | D        | Identified the staff "Xumuaz" {rF+ rN++ Int+3 Tloc Fire}
  3044 | D        | Identified the +1 trident "Lakixesm" {chaos, *Rage Str+5}
  3044 | D        | Noticed a deep elf annihilator
  3053 | D        | Killed a manticore
  3271 | D        | Noticed a deep elf death mage
  3291 | D        | Killed a deep elf death mage
  3292 | D        | Reached XP level 11. HP: 94/115 MP: 10/10
  3420 | D        | Noticed a deep elf master archer
  3811 | D        | Identified the +6 great sword of the Bear {flame, Dex+4}
                  | (Trog gifted it to you in the Dungeon)
  3811 | D        | Received a gift from Trog
  3812 | D        | Reached skill level 22 in Long Blades
  4437 | D        | Received a gift from Trog
  4448 | D        | Received a gift from Trog
  4456 | D        | Reached skill level 23 in Long Blades
  4463 | D        | Received a gift from Trog
  4498 | D        | Received a gift from Trog
  4754 | D        | Noticed Dowan
  4754 | D        | Noticed Duvessa
  4763 | D        | Dowan changed into Dowan the seven-headed hydra
  4763 | D        | Noticed Dowan
  4767 | D        | Killed Dowan the four-headed hydra
  4775 | D        | Killed Duvessa
  4775 | D        | Received a gift from Trog
  5085 | D        | Noticed a yaktaur captain
  5086 | D        | Noticed a yaktaur captain
  5265 | D        | Reached skill level 24 in Long Blades
  5281 | D        | Noticed Rupert
  5288 | D        | Killed Rupert
  5288 | D        | Received a gift from Trog
  5367 | D        | Noticed an azure jelly
  5367 | D        | Noticed an azure jelly
  5367 | D        | Noticed an azure jelly
  5367 | D        | Noticed an azure jelly
  5368 | D        | Noticed a dire elephant
  5368 | D        | Noticed a dire elephant
  5368 | D        | Noticed Gastronok
  5372 | D        | Killed a dire elephant
  5375 | D        | Killed a dire elephant
  5376 | D        | Reached XP level 12. HP: 128/128 MP: 11/11
  5384 | D        | Reached skill level 25 in Long Blades
  5395 | D        | Killed Gastronok
  5395 | D        | Received a gift from Trog
  5643 | D        | Noticed a death yak
  5643 | D        | Noticed a death yak
  5644 | D        | Noticed a death yak
  5649 | D        | Killed a death yak
  5652 | D        | Killed a death yak
  5654 | D        | Noticed a death yak
  5655 | D        | Killed a death yak
  5660 | D        | Killed a death yak
  5660 | D        | Received a gift from Trog
  5660 | D        | Found the +13 sword of the Doom Knight {doom -Cast ^Drain
                  | Will+}
  5661 | D        | Reached skill level 26 in Long Blades
  5958 | D        | Received a gift from Trog
  6672 | D        | Found Kuocim's Antique Weapon Shoppe.
  6672 | D        | Found Lapt's Book Boutique.
  6684 | D        | Found Tuokhan's Distillery.
  6824 | D        | HP: 2/112 [something (11)]
  6824 | D        | Succumbed to poison (dark miasma)

Illustrated notes

Levels and vault maps discovered:
D:        dungeon_sprint_mu [sprint_mu_entry_cave, sprint_mu_temple_rooms,
          sprint_mu_d1_horrors, sprint_mu_d2_genie, sprint_mu_d3_branching,
          sprint_mu_orc_legion, sprint_mu_elf_gauntlet, sprint_mu_hive_nellie,
          sprint_mu_lair_fedhas, sprint_mu_vaults_butterflies,
          sprint_mu_slime_circle, sprint_mu_swamp_cave, sprint_mu_shoals_kraken,
          sprint_mu_blade_basic, sprint_mu_crypt_chambers,
          sprint_mu_tomb_spiral, sprint_mu_vestibule_basic,
          sprint_mu_gehenna_hellfire, sprint_mu_dis_giant,
          sprint_mu_tartarus_statrot, sprint_mu_cocytus_islands, sprint_mu_zot1]

Skill      XL: |  1  2  3  4  5  6  7  8  9 10 11 12 |
---------------+-------------------------------------+-----
Fighting       | 5 7 10 11 13 14 16 18 20 | 20.1
Long Blades    | 5 8 9 13 14 17 19 21 24 26 | 26.7
Armour         | 3 5 6 9 10 12 14 15 18 19 | 19.6
Dodging        | 3 |  3.0

Action                     |  1- 3 |  4- 6 |  7- 9 | 10-12 || total
---------------------------+-------+-------+-------+-------++-------
  Melee: Falchion          |    23 |    20 |       |       ||    43
         Headbutt          |     3 |     2 |    17 |    40 ||    62
         Long sword        |       |       |    73 |       ||    73
         Great sword       |       |       |    12 |   120 ||   132
         Triple sword      |       |       |       |    67 ||    67
         Double sword      |       |       |       |    14 ||    14
 Invoke: Berserk           |     2 |     3 |     6 |    10 ||    21
         Brothers in Arms  |       |       |       |     2 ||     2
         Trog's Hand       |       |       |       |     1 ||     1
  Evoke: Wand              |       |       |     2 |    12 ||    14
    Use: Potion            |     1 |       |     1 |     4 ||     6
         Scroll            |       |     1 |       |     4 ||     5
   Stab: Sleeping          |       |       |       |     1 ||     1
 Armour: Animal skin       |    13 |     7 |    67 |    54 ||   141
         Plate armour      |       |       |       |   135 ||   135
  Dodge: Dodged            |    10 |     4 |    16 |    85 ||   115

Table legend: (Time is in decaauts)
 A = Elapsed time spent in this place.
 B = Non-inter-level travel time spent in this place.
 C = Inter-level travel time spent in this place.
 D = Time resting spent in this place.
 E = Time spent auto-exploring this place.
 F = Levels seen in this place.
 G = Mean time per level.
                   A        B        C        D        E       F      G
               +--------+--------+--------+--------+--------+-----+--------+
         Total |   7008 |   6874 |    134 |   5465 |    311 |   1 | 7008.0 |
       Dungeon |   7008 |   6874 |    134 |   5465 |    311 |   1 | 7008.0 |
               +--------+--------+--------+--------+--------+-----+--------+

Top non-repeatable levels by time:
       D: 7008 daAuts
